 Dungeon Crawl Stone Soup version 0.30-b1-2-g02819fbbbe (webtiles) character file.

Game seed: 18055409412811249297

33316 raph the Arsonist (level 13, 0/73 HPs)
             Began as a Deep Elf Fire Elementalist on Jan 17, 2024.
             Was a High Priest of Kikubaaqudgha.
             Slain by a seven-headed hydra (8 damage)
             ... on level 5 of the Lair of Beasts.
             The game lasted 00:40:51 (27443 turns).

raph the Arsonist (Deep Elf Fire Elementalist)     Turns: 27443, Time: 00:40:52

Health: 0/73       AC: 12    Str:  8    XL:     13   Next: 36%
Magic:  19/37      EV: 20    Int: 26    God:    Kikubaaqudgha [*****.]
Gold:   775        SH: 11    Dex: 15    Spells: 5/31 levels left

rFire   + + +        a - staff of fire
rCold   + . .        t - +0 buckler
rNeg    . . .        N - +3 leather armour {rF+}
rPois   .            (no helmet)
rElec   .            I - scarf {rC+ rF+}
rCorr   .            o - +2 pair of gloves {Str+3}
SInv    .            n - +2 pair of boots
Will    +....        x - amulet of reflection
Stlth   ++           u - +5 ring of evasion
HPRegen 0.32/turn    K - ring of magical power
MPRegen 0.25/turn

%: reflection
@: lethally poisoned (0 -> -4)
A: no striking features
a: Renounce Religion, Unearth Wretches, Torment


You were on level 5 of the Lair of Beasts.
You worshipped Kikubaaqudgha.
Kikubaaqudgha was extremely pleased with you.
You visited 3 branches of the dungeon, and saw 18 of its levels.
You also visited: Sewer and Volcano.

You collected 1259 gold pieces.
You spent 484 gold pieces at shops.

Inventory:

Hand Weapons
 b - the +5 war axe of the Thirsty Wishes {venom, Int+3}
   (You found it on level 9 of the Dungeon)

   Int:       It affects your intelligence (+3).
 g - a +0 dagger
 j - a +0 dagger of draining
 R - a +4 scimitar
 W - the +7 short sword "Orb Guardian's Peril" {freeze, rPois}
   (You found it on level 2 of the Lair of Beasts)

   rPois:     It protects you from poison.
Missiles
 J - 8 curare-tipped darts
Armour
 n - a +2 pair of boots (worn)
 o - a +2 pair of gloves of strength (worn)
 t - a +0 buckler (worn)
 I - a scarf of resistance (worn)
 N - a +3 leather armour of fire resistance (worn)
Magical Staves
 a - a staff of fire (weapon)
Jewellery
 c - a ring of ice
 f - a ring of protection from fire
 i - a ring of fire
 u - a +5 ring of evasion (left hand)
 x - an amulet of reflection (around neck)
 D - a +6 ring of intelligence
 E - an amulet of regeneration
 K - a ring of magical power (right hand)
Wands
 l - a wand of mindburst (13)
 v - a wand of digging (7)
 y - a wand of polymorph (2)
 G - a wand of roots (20)
 T - a wand of flame (26)
 U - a wand of paralysis (7)
Scrolls
 k - 3 scrolls of amnesia
 w - 3 scrolls of magic mapping
 H - 7 scrolls of identify
 M - 3 scrolls of fear
 O - a scroll of blinking
 P - 4 scrolls of teleportation
 S - 2 scrolls of fog
Potions
 d - a potion of resistance
 e - 7 potions of curing
 h - 7 potions of attraction
 m - 2 potions of lignification
 p - 3 potions of heal wounds
 q - 3 potions of haste
 r - 4 potions of mutation
 s - 3 potions of brilliance
 z - 2 potions of flight
 A - a potion of berserk rage
 B - 2 potions of ambrosia
 C - 2 potions of might
 F - a potion of invisibility
 Q - 2 potions of magic
 V - 2 potions of cancellation


   Skills:
 + Level 5.5 Fighting
 + Level 3.6 Armour
 + Level 9.0 Dodging
 - Level 3.1 Stealth
 - Level 7.0 Shields
 + Level 9.5 Spellcasting
 * Level 9.1 Conjurations
 * Level 10.3 Necromancy
 * Level 11.3 Fire Magic
 * Level 8.8 Earth Magic


You had 5 spell levels left.
You knew the following spells:

 Your Spells              Type           Power      Damage    Failure   Level
a - Foxfire               Conj/Fire      100%       2x1d9     1%          1
b - Scorch                Fire           100%       2d9       1%          2
c - Inner Flame           Hex/Fire       58%        N/A       2%          3
d - Volatile Blastmotes   Fire/Tloc      100%       2d18      2%          3
e - Flame Wave            Conj/Fire      78%        2d17      1%          4
f - Sublimation of Blood  Necr           60%        N/A       1%          2
g - Borgnjor's Vile Clut  Necr/Erth      29%        N/A       5%          5
h - Iron Shot             Conj/Erth      28%        9d6       36%         6

Your spell library contained the following spells:

 Spells                   Type           Power      Damage    Failure   Level
 Kiss of Death            Conj/Necr      100%       2d13      1%          1
 Necrotise                Necr           100%       1d9       1%          1
 Vampiric Draining        Necr           60%        2d10      1%          3
 Animate Dead             Necr           60%        N/A       1%          4
 Dispel Undead            Necr           60%        3d21      1%          4
 Passwall                 Tmut/Erth      29%        N/A       2%          2
 Iskenderun's Battlesphe  Conj           56%        2d11      6%          5
 Ensorcelled Hibernation  Hex/Ice        24%        N/A       14%         2
 Petrify                  Tmut/Erth      35%        N/A       16%         4
 Frozen Ramparts          Ice            24%        1d4       28%         3
 Ozocubu's Armour         Ice            12%        N/A       28%         3
 Swiftness                Air            12%        N/A       28%         3
 Vhi's Electric Charge    Tloc/Air       24%        N/A       28%         3
 Arcjolt                  Conj/Air       18%        1d28      38%         5
 Irradiate                Conj/Tmut      18%        3d17      38%         5
 Ice Form                 Ice/Tmut       12%        N/A       67%         4
 Olgreb's Toxic Radiance  Pois           12%        N/A       67%         4
 Summon Ice Beast         Ice/Summ       12%        N/A       67%         4
 Alistair's Intoxication  Tmut/Pois      8%         N/A       95%         5
 Metabolic Englaciation   Hex/Ice        6%         N/A       95%         5
 Summon Forest            Summ/Tloc      6%         N/A       95%         5
 Summon Mana Viper        Hex/Summ       12%        N/A       95%         5
 Death Channel            Necr           30%        N/A       22%         6
 Simulacrum               Ice/Necr       19%        N/A       87%         6
 Ignition                 Fire           41%        3d12      99%         8
 Eringya's Noxious Bog    Tmut/Pois      6%         N/A       100%        6
 Summon Cactus Giant      Summ           6%         N/A       100%        6
 Spellforged Servitor     Conj/Summ      18%        N/A       100%        7
 Discord                  Hex            6%         N/A       100%        8
 Maxwell's Capacitive Co  Air            6%         ∞         100%        8


Dungeon Overview and Level Annotations

Branches:
Dungeon (12/15)            Temple (0/1) D:4            Lair (5/5) D:11
 Shoals (0/4) Lair:3       Spider (0/4) Lair:2        Slime (1/5) Lair:4
    Orc (0/2) D:11          Sewer (visited)         Volcano (visited)

Altars:
Ashenzari
Cheibriados
Dithmenos
Kikubaaqudgha
Makhleb
Okawaru
Ru
Sif Muna
Uskayaw
Xom
The Shining One

Shops:
D:1 :   D:4 ??!   D:8 *   D:10 *

Annotations:
Lair:2 exclusion: ice statue
Lair:5 exclusion: oklob plant


Message History

You kill the elephant!
Kikubaaqudgha accepts your kill.
The flame wave engulfs the water moccasin!!
You kill the water moccasin!
Kikubaaqudgha accepts your kill. (Press . to intensify the flame waves.)
You feel very sick.
Unknown command.
A wave of flame ripples out!
The flame wave engulfs the seven-headed hydra!!
The seven-headed hydra is moderately wounded.
You feel very sick.
You hear an angry hiss.
A wave of flame ripples out!
The flame wave engulfs the seven-headed hydra!!
The seven-headed hydra is heavily wounded.
The flame wave engulfs the cane toad!
The cane toad is heavily wounded.
You finish channelling waves of flame.
You feel sick.
A black mamba comes into view.
You block the seven-headed hydra's attack. x2
The seven-headed hydra completely misses you. x2
The seven-headed hydra bites you but does no damage.
The seven-headed hydra bites you!
You block the seven-headed hydra's attack.
Casting: Flame Wave (dangerous; 1% risk of failure)
Confirm with . or Enter, or press ? or * to list all spells.
You feel a surge of power!
Flames lash the cane toad.
The cane toad is almost dead.
The cane toad's fire resistance burns away.
The black mamba hisses angrily.
You feel sick. The cane toad stings you. The seven-headed hydra bites you!
* * * LOW HITPOINT WARNING * * *
You block the seven-headed hydra's attack.
The seven-headed hydra bites you but does no damage.
The seven-headed hydra bites you.
* * * LOW HITPOINT WARNING * * *
The seven-headed hydra misses you. The seven-headed hydra bites you!
You die...
Kikubaaqudgha rasps: "You have failed me!
Welcome... death!"

.... .... .....
## .....## #.##
.
.......###..P#..
........#.....#.
......?.........
...
.......<@D......
...
......)F.†......
?..
..............$.
...
................
...
................
...
...S............
...
................
...
................
...


You could see a seven-headed hydra, a black mamba and a cane toad (combustible).

Vanquished Creatures
  An ice dragon (Lair:3)
  A hydra (Lair:4)
  3 death yaks
  Sonja (D:10)
  Amaemon (D:9)
  A skyshark (Lair:4)
  A lindwurm (Lair:2)
  A necromancer (Lair:4)
  4 ugly things (D:11)
  A manticore (D:11)
  3 cyclopes
  3 elephants (Lair:5)
  A merfolk siren (Lair:3)
  Joseph (D:9)
  An orange demon (D:9)
  4 black mambas
  A rust devil (D:10)
  A torpor snail (Lair:3)
  3 rime drakes
  8 cane toads
  4 komodo dragons
  4 polar bears
  2 trolls
  2 hornets
  8 blink frogs (Lair:3)
  A vampire (D:9)
  26 yaks
  2 shadows
  8 wyverns
  2 wraiths (D:11)
  2 redbacks (Lair:2)
  2 basilisks
  A vampire mosquito (D:8)
  A steam dragon (D:7)
  An acid dragon (D:10)
  19 water moccasins
  2 orc warriors
  7 ice beasts
  A swamp drake (D:11)
  2 ogres
  4 centaurs
  A wolf (Lair:3)
  A phantom (D:6)
  4 kobold brigands
  13 bullfrogs
  3 scorpions (D:5)
  9 wights
  8 killer bees
  5 howler monkeys (D:9)
  A lava snake (D:10)
  6 hounds
  A jelly (D:6)
  Crazy Yiuf (D:7)
  3 sleepcaps
  4 orc priests
  2 gnoll boudas
  5 iguanas
  6 orc wizards
  3 polar bear simulacra (Lair:4)
  2 yak simulacra (Lair:4)
  4 wolf simulacra (Lair:4)
  17 gnolls
  14 adders
  7 white imps
  A worm (D:2)
  2 dart slugs
  35 orcs
  11 ball pythons
  7 endoplasms
  15 giant cockroaches
  5 goblins
  6 hobgoblins
  4 quokkas
  2 bats (D:1)
  14 frilled lizards
  26 kobolds
  6 rats
  2 river rat simulacra (Lair:4)
398 creatures vanquished.

Vanquished Creatures (others)
  685 foxfires
  24 fungi
  22 plants
  A withered plant (D:3)
732 creatures vanquished.

Grand Total: 1130 creatures vanquished

Notes
Turn   | Place    | Note
-------+----------+-------------------------------------------
     0 | D:1      | raph the Deep Elf Fire Elementalist began the quest for the
                  | Orb.
     0 | D:1      | Reached XP level 1. HP: 10/10 MP: 6/6
   551 | D:1      | Reached XP level 2. HP: 14/15 MP: 5/8
   909 | D:1      | Found Pasida's Vocational Training.
   940 | D:1      | You fall into a shaft and drop 1 floor!
  1003 | D:2      | Learned a level 2 spell: Scorch
  1498 | D:2      | Reached XP level 3. HP: 19/19 MP: 6/9
  1981 | D:2      | Reached skill level 4 in Fire Magic
  2029 | D:2      | Reached XP level 4. HP: 24/24 MP: 4/11
  2240 | D:2      | Learned a level 3 spell: Inner Flame
  2244 | D:2      | Learned a level 3 spell: Volatile Blastmotes
  2570 | D:3      | Found an ancient bone altar of Kikubaaqudgha.
  2579 | D:3      | Became a worshipper of Kikubaaqudgha
  3293 | D:3      | Reached XP level 5. HP: 28/28 MP: 6/12
  3844 | D:4      | Reached skill level 1 in Fighting
  3986 | D:4      | Reached XP level 6. HP: 34/34 MP: 9/14
  4026 | D:4      | Learned a level 4 spell: Flame Wave
  4152 | D:4      | Reached skill level 5 in Fire Magic
  4212 | D:4      | Reached * piety under Kikubaaqudgha
  4212 | D:4      | Received a gift from Kikubaaqudgha
  4327 | D:4      | Found Rumnoput's Magic Scroll Shop.
  4327 | D:4      | Found Jizebras's Magic Scroll Shop.
  4329 | D:4      | Found Vaze's Distillery.
  4335 | D:4      | Bought a scroll of blinking for 82 gold pieces
  4335 | D:4      | Bought a scroll of identify for 22 gold pieces
  4335 | D:4      | Bought a scroll of identify for 22 gold pieces
  4693 | D:4      | Found a staircase to the Ecumenical Temple.
  4799 | D:5      | Entered Level 5 of the Dungeon
  4925 | D:5      | Found a glowing drain.
  4958 | Sewer    | Entered a sewer
  5473 | Sewer    | Reached skill level 1 in Necromancy
  5473 | Sewer    | Reached XP level 7. HP: 38/38 MP: 10/15
  6162 | Sewer    | Reached ** piety under Kikubaaqudgha
  6497 | Sewer    | Learned a level 2 spell: Sublimation of Blood
  6673 | D:5      | Found a snail-covered altar of Cheibriados.
  6790 | D:5      | Reached skill level 5 in Spellcasting
  6790 | D:5      | Reached skill level 6 in Fire Magic
  7213 | D:5      | Reached skill level 5 in Conjurations
  7355 | D:5      | Reached XP level 8. HP: 39/44 MP: 4/17
  7572 | D:4      | Bought a scroll of enchant armour for 90 gold pieces
  7572 | D:4      | Bought a scroll of identify for 24 gold pieces
  7572 | D:4      | Bought a scroll of identify for 24 gold pieces
  7665 | D:4      | Bought a potion of heal wounds for 70 gold pieces
  7665 | D:4      | Bought a potion of heal wounds for 70 gold pieces
  8061 | D:6      | Found a shimmering altar of Xom.
  8066 | D:6      | Reached skill level 1 in Shields
  8468 | D:6      | Reached skill level 5 in Dodging
  9143 | D:4      | Bought a potion of brilliance for 56 gold pieces
  9233 | D:4      | Bought a scroll of identify for 24 gold pieces
  9765 | D:7      | Reached skill level 7 in Fire Magic
  9968 | D:7      | Reached XP level 9. HP: 47/49 MP: 8/20
 10116 | D:7      | Reached *** piety under Kikubaaqudgha
 10116 | D:7      | Received a gift from Kikubaaqudgha
 10350 | D:7      | Learned a level 5 spell: Borgnjor's Vile Clutch
 10736 | D:7      | Found a runed translucent door.
 10737 | D:7      | Noticed Crazy Yiuf
 10742 | D:7      | Killed Crazy Yiuf
 10981 | D:7      | Found a shimmering blue altar of Sif Muna.
 11095 | D:7      | Found a sacrificial altar of Ru.
 11386 | D:8      | Reached skill level 1 in Earth Magic
 11636 | D:8      | Found Bich's General Store.
 12624 | D:8      | Reached skill level 5 in Necromancy
 12844 | D:8      | Reached skill level 8 in Fire Magic
 13265 | D:8      | Noticed a cyclops
 13274 | D:8      | Killed a cyclops
 13275 | D:8      | Reached XP level 10. HP: 56/56 MP: 7/22
 13655 | D:9      | Noticed Amaemon
 13655 | D:9      | Noticed an orange demon
 13658 | D:9      | Killed an orange demon
 13668 | D:9      | Killed Amaemon
 13668 | D:9      | Reached **** piety under Kikubaaqudgha
 13884 | D:9      | Found a broken altar of Ashenzari.
 13912 | D:9      | Found an iron altar of Okawaru.
 14390 | D:9      | Found a glowing golden altar of the Shining One.
 14418 | D:9      | Noticed Joseph
 14453 | D:9      | Killed Joseph
 14824 | D:9      | Identified the +5 war axe of the Thirsty Wishes {venom,
                  | Int+3}
 15022 | D:10     | Entered Level 10 of the Dungeon
 15046 | D:10     | Reached skill level 9 in Fire Magic
 15047 | D:10     | Reached skill level 5 in Earth Magic
 15440 | D:10     | Found a hide-covered altar of Uskayaw.
 15448 | D:10     | Reached skill level 1 in Armour
 15580 | D:10     | Found a shadowy altar of Dithmenos.
 15608 | D:10     | Reached XP level 11. HP: 61/61 MP: 5/24
 16201 | D:10     | Reached skill level 5 in Shields
 16480 | D:10     | Found a burning altar of Makhleb.
 16574 | D:10     | Noticed Sonja
 16581 | D:10     | Found Fimutes's Demolitions Depot.
 16582 | D:10     | Killed Sonja
 17896 | D:11     | Noticed a red ugly thing
 17913 | D:10     | Learned a level 5 spell: Iskenderun's Battlesphere
 18287 | D:11     | Found a staircase to the Orcish Mines.
 18359 | D:11     | Noticed a cyan ugly thing
 18367 | D:11     | Killed a red ugly thing
 18367 | D:11     | Killed a cyan ugly thing
 18400 | D:11     | Noticed a cyan ugly thing
 18415 | D:11     | Killed a cyan ugly thing
 19056 | D:11     | Noticed a purple ugly thing
 19065 | D:11     | Killed a purple ugly thing
 19226 | D:11     | Reached skill level 10 in Fire Magic
 19334 | D:11     | Found a staircase to the Lair.
 20042 | Lair:1   | Entered Level 1 of the Lair of Beasts
 20048 | Lair:1   | Reached XP level 12. HP: 44/67 MP: 25/26
 20957 | Lair:2   | Noticed a death yak
 20957 | Lair:2   | Noticed a death yak
 20957 | Lair:2   | Noticed a death yak
 20967 | Lair:1   | Killed a death yak
 21592 | Lair:2   | Killed a death yak
 21593 | Lair:2   | Killed a death yak
 22640 | Lair:2   | Reached skill level 5 in Fighting
 22763 | Lair:2   | Identified the +7 short sword "Orb Guardian's Peril"
                  | {freeze, rPois}
 22769 | Lair:2   | Found a hole to the Spider Nest.
 23058 | Lair:2   | Reached ***** piety under Kikubaaqudgha
 23292 | Lair:2   | Got Sif Muna's Essays on the Figure
 23979 | Lair:3   | Found a staircase to the Shoals.
 24709 | Lair:3   | Noticed an ice dragon
 24719 | Lair:3   | Reached XP level 13. HP: 67/72 MP: 13/28
 24722 | Lair:3   | Reached skill level 11 in Fire Magic
 25253 | Lair:3   | Found the +5 scythe "Finisher" {speed, execute}
 25805 | Lair:4   | Reached skill level 10 in Necromancy
 26098 | Lair:4   | Found a staircase to the Slime Pits.
 26259 | Lair:4   | Found a dark tunnel.
 26264 | Volcano  | Entered a volcano
 26835 | Lair:4   | Learned a level 6 spell: Iron Shot
 26983 | Lair:5   | Entered Level 5 of the Lair of Beasts
 27188 | Slime:1  | Entered Level 1 of the Pits of Slime
 27188 | Slime:1  | Noticed an acid blob
 27443 | Lair:5   | Slain by a seven-headed hydra

Illustrated notes

Levels and vault maps discovered:
D:1:      dpeg_arrival_solitude, layout_basic, nicolae_shop_vocational
D:2:      wander_river, layout_basic
D:3:      minmay_evil_eye, layout_basic, kiku_gazebo_garden_becter,
          patterned_corridor
D:4:      layout_rooms, temple_hall, serial_bayou_pond_d,
          nicolae_shop_distant_corner_stores, nrook_mini_backslash,
          minmay_pentomino_pile
D:5:      layout_basic, marbit_many_paths, cheibrodos_sewer_entry_drain
D:6:      minmay_razor_zed, layout_loops_ring,
          mainiacjoe_overflow_surrounded_room
D:7:      layout_basic, nicolae_ru_the_path_less_chosen, lemuel_tele_altar,
          minmay_curled_crystal, chequers_serial_rivers_micro_a,
          uniq_crazy_yiuf_cottage
D:8:      layout_basic, serial_shops, shop, serial_curves, eino_curves_02,
          eino_curves_03, eino_curves_04, eino_curves_02, minmay_diamond_spiral
D:9:      layout_roguey, mainiacjoe_overflow_chevrons,
          overflow_temple_1_default, nicolae_tso_carved_into_rock, uniq_amaemon,
          uniq_joseph
D:10:     layout_stronghold, demons_altar, mainiacjoe_overflow_catch_the_wave,
          nicolae_blasting_shop, uniq_sonja
D:11:     layout_irregular_city, erik_lair_dragon, hiddenorc1_lemuel
D:12:     layout_basic
Lair:1:   layout_hall_layers, gauntlet_entry_generic, lemuel_fruit_tree
Lair:2:   layout_misc_corridors, spider_nest_entry_webs,
          minmay_stone_trees_small, ice2_lemuel, grunt_megastairs_3
Lair:3:   layout_chaotic_city, minmay_shoals_entry_lonely_mermaid,
          portal_ice_cave_entry_animals_and_master, serial_bayou_pond_a,
          lemuel_fruit_fields
Lair:4:   layout_hall_layers, slime_entry_1, enter_volcano_4, st_stairs_3,
          eino_house_with_fridge, grunt_megastairs_4, serial_bayou_shore_a
Lair:5:   evil_forest, layout_hall_layers, hibernation_bobbens,
          infiniplex_staircase_pool, lemuel_fruit_fields
Slime:1:  layout_caves

Skill      XL: |  1  2  3  4  5  6  7  8  9 10 11 12 13 |
---------------+----------------------------------------+-----
Conjurations   | 2 3 4 5 6 7 8 9 |  9.1
Stealth        | 3 |  3.1
Fire Magic     | 4 5 6 7 8 9 10 11 | 11.3
Dodging        | 3 4 5 6 7 8 9 |  9.0
Spellcasting   | 4 5 6 7 8 9 |  9.5
Fighting       | 1 2 3 4 5 |  5.5
Necromancy     | 1 2 3 5 6 8 9 10 | 10.3
Shields        | 2 3 4 6 7 |  7.0
Earth Magic    | 3 5 6 8 |  8.8
Armour         | 1 2 3 |  3.6

Action                     |  1- 3 |  4- 6 |  7- 9 | 10-12 | 13-15 || total
---------------------------+-------+-------+-------+-------+-------++-------
  Melee: Unarmed           |     3 |       |       |       |       ||     3
         Dagger            |       |     2 |       |       |       ||     2
         Great sword       |       |       |     2 |       |       ||     2
         Staff             |       |       |    11 |     9 |     1 ||    21
         War axe           |       |       |       |     1 |       ||     1
   Cast: Foxfire           |    43 |    87 |   119 |   119 |    17 ||   385
         Scorch            |    16 |    32 |    69 |   100 |    17 ||   234
         Inner Flame       |       |     3 |       |    13 |       ||    16
         Flame Wave        |       |     1 |    25 |    61 |    18 ||   105
         Volatile Blastmot |       |       |     1 |     1 |       ||     2
         Borgnjor's Vile C |       |       |       |    48 |     4 ||    52
  Evoke: Wand              |       |       |       |     7 |       ||     7
    Use: Scroll            |     2 |     7 |    14 |     7 |     1 ||    31
         Potion            |       |       |     1 |       |       ||     1
   Stab: Sleeping          |       |     1 |       |       |       ||     1
 Armour: Robe              |     4 |     3 |    13 |       |       ||    20
         Leather armour    |       |       |       |    22 |    11 ||    33
  Dodge: Dodged            |    14 |     6 |    82 |   101 |    29 ||   232
  Block: Buckler           |       |       |    46 |    80 |    30 ||   156
         Reflection        |       |       |     4 |    16 |       ||    20
